SNL (28 & UNDER)
BLACKIRON DRAGONS @ KEY WEST BARRACUDAS
05/29/2029
 
TOP OF THE 1ST
BlackIron Dragons batting - Pitching for Key West Barracudas : RHP Sean Flynn
Pitching: RHP Sean Flynn
Batting: LHB Miguel García 0-0: Ball
1-0: SINGLE (Groundball, 34D)
Batting: RHB Bernardo Corona 0-0: Ball
Miguel García is caught stealing 2nd base
1-0: Ball
2-0: Ground out 5-3 (Groundball, 56)
Batting: SHB David Boyle 0-0: SINGLE (Groundball, 6MD)
Batting: LHB Al Bartlett 0-0: Called Strike
David Boyle steals 2nd base
0-1: Ball
1-1: Ball
2-1: Ball
3-1: Base on Balls
Batting: RHB John Jones 0-0: Ball
1-0: Ball
2-0: Ball
3-0: Called Strike
3-1: Base on Balls
David Boyle to third
Al Bartlett to second
Batting: LHB Giovannino Arduino 0-0: Ball
1-0: Swinging Strike
1-1: Ground out 4-3 (Groundball, 4)
Top of the 1st over - 0 runs, 2 hits, 0 errors, 3 left on base; BlackIron 0 - Key West 0
BOTTOM OF THE 1ST
Key West Barracudas batting - Pitching for BlackIron Dragons : RHP Eddie Huber
Pitching: RHP Eddie Huber
Batting: SHB Luis Manuel López 0-0: Ball
1-0: Ball
2-0: Called Strike
2-1: Foul Ball, location: 2F
2-2: Foul Ball, location: 2F
2-2: DOUBLE (Flyball, 78XD)
Batting: RHB Chris Adams 0-0: Called Strike
0-1: Foul Ball, location: 2F
0-2: Ball
1-2: Ball
2-2: Foul Ball, location: 2F
2-2: Ground out 4-3 (Groundball, 4)
Luis Manuel López to third
Batting: SHB José Espinoza 0-0: Called Strike
0-1: Ball
1-1: Fly out, F4 (Popup, 34)
Batting: SHB Héctor Jiménez 0-0: Ball
1-0: Called Strike
1-1: Ball
2-1: SINGLE (Groundball, 4MD)
Luis Manuel López scores
Batting: SHB Júlio Ayala 0-0: Ball
1-0: Ball
2-0: Foul Ball, location: 2F
2-1: Ball
3-1: Called Strike
3-2: Strikes out swinging
Bottom of the 1st over - 1 run, 2 hits, 0 errors, 1 left on base; BlackIron 0 - Key West 1
TOP OF THE 2ND
BlackIron Dragons batting - Pitching for Key West Barracudas : RHP Sean Flynn
Batting: LHB Roy Woods 0-0: Ball
1-0: Ball
2-0: Called Strike
2-1: Ball
3-1: Fly out, F8 (Flyball, 8LD)
Batting: RHB Jeff Stevenson 0-0: Called Strike
0-1: Swinging Strike
0-2: Strikes out looking
Batting: RHB Luis Méndez 0-0: SINGLE (Line Drive, 9LS)
Batting: LHB Miguel García 0-0: Foul Ball, location: 2F
0-1: DOUBLE (Line Drive, 9LS)
Luis Méndez to third
Batting: RHB Bernardo Corona 0-0: Swinging Strike
0-1: Swinging Strike
0-2: Hit by Pitch
Batting: SHB David Boyle 0-0: Ball
1-0: GRAND SLAM HOME RUN (Line Drive, 89XD), Distance : 420 ft
Batting: LHB Al Bartlett 0-0: Called Strike
0-1: SINGLE (Line Drive, 78S)
Batting: RHB John Jones 0-0: Called Strike
0-1: Fly out, F8 (Flyball, 89D)
Top of the 2nd over - 4 runs, 4 hits, 0 errors, 1 left on base; BlackIron 4 - Key West 1
BOTTOM OF THE 2ND
Key West Barracudas batting - Pitching for BlackIron Dragons : RHP Eddie Huber
Batting: SHB Jacob Knapp 0-0: Ball
1-0: Foul Ball, location: 2F
1-1: Ball
2-1: Ball
3-1: Base on Balls
Batting: RHB Anastasio Zartuche 0-0: Called Strike
0-1: Grounds into double play, 4-6-3 (Groundball, 4)
Batting: SHB Eric Pimentel 0-0: Called Strike
0-1: Called Strike
0-2: Foul Ball, location: 2F
0-2: Ball
1-2: Foul Ball, location: 2F
1-2: Fly out, F6 (Popup, 6)
Bottom of the 2nd over - 0 runs, 0 hits, 0 errors, 0 left on base; BlackIron 4 - Key West 1
TOP OF THE 3RD
BlackIron Dragons batting - Pitching for Key West Barracudas : RHP Sean Flynn
Batting: LHB Giovannino Arduino 0-0: Ball
1-0: Ball
2-0: Foul Ball, location: 2F
2-1: Fly out, F7 (Flyball, 7D)
Batting: LHB Roy Woods 0-0: Called Strike
0-1: Called Strike
0-2: Foul Ball, location: 2F
0-2: Ball
1-2: Ground out 1-3 (Groundball, 15S)
Batting: RHB Jeff Stevenson 0-0: Ball
1-0: Ball
2-0: Ground out 1-3 (Groundball, P)
Top of the 3rd over - 0 runs, 0 hits, 0 errors, 0 left on base; BlackIron 4 - Key West 1
BOTTOM OF THE 3RD
Key West Barracudas batting - Pitching for BlackIron Dragons : RHP Eddie Huber
Batting: LHB Juan Lima 0-0: Ball
1-0: Ball
2-0: Ball
3-0: Called Strike
3-1: Ground out 5-3 (Groundball, 25)
Batting: SHB Luis Manuel López 0-0: Called Strike
0-1: Ball
1-1: Called Strike
1-2: Strikes out looking
Batting: RHB Chris Adams 0-0: Called Strike
0-1: SINGLE (Line Drive, 6MD)
Batting: SHB José Espinoza 0-0: Ball
1-0: Fly out, F3 (Popup, 3S)
Bottom of the 3rd over - 0 runs, 1 hit, 0 errors, 1 left on base; BlackIron 4 - Key West 1
TOP OF THE 4TH
BlackIron Dragons batting - Pitching for Key West Barracudas : RHP Sean Flynn
Batting: RHB Luis Méndez 0-0: Ball
1-0: Foul Ball, location: 2F
1-1: Foul Ball, location: 2F
1-2: SINGLE (Groundball, 3S) (infield hit)
Batting: LHB Miguel García 0-0: Foul Ball, location: 2F
0-1: Foul Ball, location: 2F
0-2: SINGLE (Line Drive, 9LS)
Luis Méndez to second
Batting: RHB Bernardo Corona 0-0: Ball
1-0: Ball
2-0: Ball
3-0: TRIPLE (Flyball, 78XD)
Luis Méndez scores
Miguel García scores
Batting: SHB David Boyle 0-0: Ball
1-0: Foul Ball, location: 2F
1-1: Called Strike
1-2: Foul Ball, location: 2F
1-2: SINGLE (Groundball, 34S) (infield hit)
Bernardo Corona scores
Batting: LHB Al Bartlett 0-0: Called Strike
0-1: Foul Ball, location: 2F
0-2: Ball
David Boyle steals 2nd base
1-2: Ground out 4-3 (Groundball, 4)
David Boyle to third
Batting: RHB John Jones 0-0: Called Strike
0-1: Ground out U3 (Groundball, 34)
David Boyle scores
Batting: LHB Giovannino Arduino 0-0: Ball
1-0: Ball
2-0: Ball
3-0: Called Strike
3-1: Foul Ball, location: 2F
3-2: Foul Ball, location: 2F
3-2: Base on Balls
Batting: LHB Roy Woods 0-0: Ball
1-0: Called Strike
1-1: Ball
2-1: Swinging Strike
2-2: Strikes out swinging
Top of the 4th over - 4 runs, 4 hits, 0 errors, 1 left on base; BlackIron 8 - Key West 1
BOTTOM OF THE 4TH
Key West Barracudas batting - Pitching for BlackIron Dragons : RHP Eddie Huber
Batting: SHB Héctor Jiménez 0-0: Ball
1-0: Ball
2-0: Called Strike
2-1: Foul Ball, location: 2F
2-2: Foul Ball, location: 2F
2-2: Fly out, F6 (Line Drive, 6)
Batting: SHB Júlio Ayala 0-0: Fly out, F4 (Flyball, 34D)
Batting: SHB Jacob Knapp 0-0: Called Strike
0-1: Ground out 5-3 (Groundball, 5L)
Bottom of the 4th over - 0 runs, 0 hits, 0 errors, 0 left on base; BlackIron 8 - Key West 1
TOP OF THE 5TH
BlackIron Dragons batting - Pitching for Key West Barracudas : RHP Sean Flynn
Batting: RHB Jeff Stevenson 0-0: Ball
1-0: Ball
2-0: Ground out 5-3 (Groundball, 56S)
Batting: RHB Luis Méndez 0-0: Ball
1-0: Ball
2-0: Foul Ball, location: 2F
2-1: SOLO HOME RUN (Flyball, 7LD), Distance : 343 ft
Batting: LHB Miguel García 0-0: SOLO HOME RUN (Flyball, 9LD), Distance : 371 ft
Batting: RHB Bernardo Corona 0-0: Reached on error, E5 (Groundball, 56)
Batting: SHB David Boyle 0-0: Fly out, F7 (Flyball, 7)
Batting: LHB Al Bartlett 0-0: Ball
1-0: Ball
2-0: Fly out, F6 (Popup, 6M)
Top of the 5th over - 2 runs, 2 hits, 1 error, 1 left on base; BlackIron 10 - Key West 1
BOTTOM OF THE 5TH
Key West Barracudas batting - Pitching for BlackIron Dragons : RHP Eddie Huber
Batting: RHB Anastasio Zartuche 0-0: Ball
1-0: Ground out 5-3 (Groundball, 56)
Batting: SHB Eric Pimentel 0-0: Called Strike
0-1: Ball
1-1: Foul Ball, location: 2F
1-2: Ball
2-2: Strikes out looking
Batting: LHB Juan Lima 0-0: Called Strike
0-1: Ball
1-1: SINGLE (Line Drive, 4MD)
Batting: SHB Luis Manuel López 0-0: Ball
1-0: Fly out, F9 (Flyball, 9)
Bottom of the 5th over - 0 runs, 1 hit, 0 errors, 1 left on base; BlackIron 10 - Key West 1
TOP OF THE 6TH
BlackIron Dragons batting - Pitching for Key West Barracudas : RHP Sean Flynn
Batting: RHB John Jones 0-0: Swinging Strike
0-1: Ball
1-1: Ball
2-1: Swinging Strike
2-2: Ball
3-2: Strikes out swinging
Batting: LHB Giovannino Arduino 0-0: Ball
1-0: Foul Ball, location: 2F
1-1: Swinging Strike
1-2: Strikes out looking
Batting: LHB Roy Woods 0-0: Swinging Strike
0-1: Swinging Strike
0-2: Foul Ball, location: 2F
0-2: Strikes out swinging
Top of the 6th over - 0 runs, 0 hits, 0 errors, 0 left on base; BlackIron 10 - Key West 1
BOTTOM OF THE 6TH
Key West Barracudas batting - Pitching for BlackIron Dragons : RHP Eddie Huber
Batting: RHB Chris Adams 0-0: Called Strike
0-1: Ball
1-1: Ball
2-1: Ball
3-1: Foul Ball, location: 2F
3-2: Fly out, F8 (Line Drive, 8RS)
Batting: SHB José Espinoza 0-0: Ground out 6-3 (Groundball, 6)
Batting: SHB Héctor Jiménez 0-0: Swinging Strike
0-1: Ground out 4-3 (Groundball, 4S)
Bottom of the 6th over - 0 runs, 0 hits, 0 errors, 0 left on base; BlackIron 10 - Key West 1
TOP OF THE 7TH
BlackIron Dragons batting - Pitching for Key West Barracudas : RHP Sean Flynn
Batting: RHB Jeff Stevenson 0-0: Ball
1-0: Foul Ball, location: 2F
1-1: Swinging Strike
1-2: Strikes out looking
Batting: RHB Luis Méndez 0-0: Ball
1-0: Called Strike
1-1: Fly out, F7 (Flyball, 7S)
Batting: LHB Miguel García 0-0: Ball
1-0: SINGLE (Line Drive, 34)
Pitching: RHP Sean Martínez
Batting: RHB Bernardo Corona 0-0: Called Strike
Miguel García steals 2nd base
0-1: Ball
Miguel García steals 3rd base
1-1: Swinging Strike
1-2: Ball
2-2: Strikes out looking
Top of the 7th over - 0 runs, 1 hit, 0 errors, 1 left on base; BlackIron 10 - Key West 1
BOTTOM OF THE 7TH
Key West Barracudas batting - Pitching for BlackIron Dragons : RHP Eddie Huber
Batting: SHB Júlio Ayala 0-0: Foul Ball, location: 2F
0-1: Ground out 4-3 (Groundball, 4)
Batting: SHB Jacob Knapp 0-0: Foul Ball, location: 2F
0-1: Ground out 4-3 (Groundball, 4)
Batting: RHB Anastasio Zartuche 0-0: Called Strike
0-1: Swinging Strike
0-2: Foul Ball, location: 2F
0-2: Ball
1-2: Ground out 4-3 (Groundball, 4)
Bottom of the 7th over - 0 runs, 0 hits, 0 errors, 0 left on base; BlackIron 10 - Key West 1
TOP OF THE 8TH
BlackIron Dragons batting - Pitching for Key West Barracudas : RHP Sean Martínez
Batting: SHB David Boyle 0-0: Foul Ball, location: 2F
0-1: Called Strike
0-2: Ball
1-2: Fly out, F8 (Flyball, 89M)
Batting: LHB Al Bartlett 0-0: Called Strike
0-1: Foul Ball, location: 2F
0-2: Ball
1-2: Ball
2-2: Strikes out swinging
Batting: RHB John Jones 0-0: Called Strike
0-1: SINGLE (Groundball, 56D)
Batting: LHB Giovannino Arduino 0-0: Called Strike
0-1: Foul Ball, location: 2F
0-2: Strikes out swinging
Top of the 8th over - 0 runs, 1 hit, 0 errors, 1 left on base; BlackIron 10 - Key West 1
BOTTOM OF THE 8TH
Key West Barracudas batting - Pitching for BlackIron Dragons : RHP Eddie Huber
Batting: SHB Eric Pimentel 0-0: Ball
1-0: Called Strike
1-1: Ball
2-1: Ground out 6-3 (Groundball, 6)
Batting: LHB Juan Lima 0-0: Ball
1-0: Called Strike
1-1: Foul Ball, location: 2F
1-2: Ball
2-2: Ball
3-2: Foul Ball, location: 2F
3-2: Foul Ball, location: 2F
3-2: Ground out U3 (Groundball, 3)
Batting: SHB Luis Manuel López 0-0: Ball
1-0: SINGLE (Groundball, 34D)
Batting: RHB Chris Adams 0-0: Fly out, F7 (Flyball, 78S)
Bottom of the 8th over - 0 runs, 1 hit, 0 errors, 1 left on base; BlackIron 10 - Key West 1
TOP OF THE 9TH
BlackIron Dragons batting - Pitching for Key West Barracudas : RHP Sean Martínez
Batting: LHB Roy Woods 0-0: Ball
1-0: Foul Ball, location: 2F
1-1: Foul Ball, location: 2F
1-2: Foul Ball, location: 2F
1-2: Ball
2-2: Ball
3-2: Base on Balls
Batting: RHB Jeff Stevenson 0-0: Called Strike
0-1: Foul Ball, location: 2F
0-2: Strikes out looking
Batting: RHB Luis Méndez 0-0: Foul Ball, location: 2F
0-1: Ball
1-1: Swinging Strike
1-2: Foul Ball, location: 2F
1-2: Foul Ball, location: 2F
1-2: Ball
2-2: Foul Ball, location: 2F
2-2: SINGLE (Groundball, 6MD)
Roy Woods to second
Runner from 2nd tries for 3rd, SAFE, no throw
Batting: LHB Miguel García 0-0: Called Strike
0-1: Ball
1-1: Ball
2-1: Foul Ball, location: 2F
2-2: Foul Ball, location: 2F
2-2: Fly out, F6 (Line Drive, 6M)
Batting: RHB Bernardo Corona 0-0: Called Strike
0-1: Ball
1-1: Called Strike
1-2: Foul Ball, location: 2F
1-2: Ball
2-2: Ball
3-2: Fly out, F5 (Line Drive, 5)
Top of the 9th over - 0 runs, 1 hit, 0 errors, 2 left on base; BlackIron 10 - Key West 1
BOTTOM OF THE 9TH
Key West Barracudas batting - Pitching for BlackIron Dragons : RHP Eddie Huber
Now in LF: Alexander Barr
Batting: SHB José Espinoza 0-0: Called Strike
0-1: SINGLE (Line Drive, 8LS)
Batting: SHB Héctor Jiménez 0-0: Called Strike
0-1: Ball
1-1: Called Strike
1-2: Foul Ball, location: 2F
1-2: Foul Ball, location: 2F
1-2: Grounds into double play, 3-6-3 (Groundball, 34)
Batting: SHB Júlio Ayala 0-0: Foul Ball, location: 2F
0-1: Ball
1-1: Ground out 1-3 (Groundball, P)
Bottom of the 9th over - 0 runs, 1 hit, 0 errors, 0 left on base; BlackIron 10 - Key West 1
Saturday, December 16th, 2017 - OOTP Baseball 18.8 Build 76